 Dungeon Crawl Stone Soup version 0.22.1-1-ga44c0e5 (webtiles) character file.

663 sbiou the Charmwright (level 7, -5/56 HPs)
             Began as a Gnoll Skald on Oct 17, 2018.
             Was an Initiate of Ru.
             Slain by a killer bee (9 damage)
             ... on level 6 of the Dungeon.
             The game lasted 00:12:22 (3440 turns).

sbiou the Charmwright (Gnoll Skald)                 Turns: 3440, Time: 00:12:24

Health: -5/56      AC:  3    Str: 14    XL:     7   Next: 56%
Magic:  12/15      EV: 15    Int: 15    God:    Ru [......]
Gold:   211        SH:  0    Dex: 16    Spells: 16/17 levels left

rFire    . . .     SeeInvis +   h - +0 long sword
rCold    . . .     Gourm    .   (no shield)
rNeg     . . .     Faith    .   b - +0 leather armour
rPois    .         Spirit   .   (no helmet)
rElec    .         Reflect  .   (no cloak)
rCorr    .         Harm     +   (no gloves)
MR       .....                  (no boots)
Stlth    ++........             n - amulet of harm
HPRegen  0.18/turn              m - ring of see invisible
MPRegen  0.14/turn              (no ring)

@: lethally poisoned (-5 -> -9), infused
A: distributed training, fangs 1, strong nose
a: Renounce Religion


You were on level 6 of the Dungeon.
You worshipped Ru.
Ru was noncommittal.
You were not hungry.

You visited 1 branch of the dungeon, and saw 5 of its levels.

You collected 211 gold pieces.

Inventory:

Hand Weapons
 h - a +0 long sword (weapon)
 o - a +1 shortbow
Missiles
 c - 91 arrows
 u - 10 tomahawks (quivered)
Armour
 b - a +0 leather armour (worn)
Jewellery
 e - an uncursed amulet of the acrobat {unknown}
 m - a ring of see invisible (left hand)
 n - an amulet of harm (around neck)
Scrolls
 a - 2 scrolls of identify
 k - 2 scrolls of blinking
 q - a scroll of magic mapping
 w - 2 scrolls of remove curse
Potions
 f - 2 potions of curing
 i - 2 potions of brilliance
Comestibles
 d - 10 rations


   Skills:
 + Level 5.2 Fighting
 + Level 2.5 Short Blades
 + Level 2.5 Long Blades
 + Level 2.5 Axes
 + Level 2.5 Maces & Flails
 + Level 5.2 Polearms
 + Level 2.5 Staves
 + Level 2.5 Slings
 + Level 2.5 Bows
 + Level 2.5 Crossbows
 + Level 2.5 Throwing
 + Level 3.6 Armour
 + Level 5.2 Dodging
 + Level 2.5 Stealth
 + Level 2.5 Shields
 + Level 2.5 Unarmed Combat
 + Level 5.6 Spellcasting
 + Level 2.0 Conjurations
 + Level 2.0 Hexes
 + Level 5.8 Charms
 + Level 2.0 Summonings
 + Level 2.0 Necromancy
 + Level 2.0 Translocations
 + Level 2.0 Transmutations
 + Level 2.0 Fire Magic
 + Level 2.0 Ice Magic
 + Level 2.0 Air Magic
 + Level 2.0 Earth Magic
 + Level 2.0 Poison Magic
 + Level 2.8 Invocations
 + Level 2.5 Evocations


You had 16 spell levels left.
You knew the following spells:

 Your Spells              Type           Power        Failure   Level  Hunger
a - Infusion              Chrm           ###.         1%          1    None

Your spell library contained the following spells:

 Spells                   Type           Power        Failure   Level  Hunger
 Song of Slaying          Chrm           ###.....     2%          2    #......
 Shroud of Golubria       Chrm/Tloc      ###.......   5%          2    #......
 Flame Tongue             Conj/Fire      ##...        9%          1    None
 Regeneration             Chrm/Necr      ###.......   11%         3    ###....
 Spectral Weapon          Hex/Chrm       ###.....     11%         3    ###....
 Throw Flame              Conj/Fire      ##....       12%         2    #......
 Conjure Flame            Conj/Fire      ##......     24%         3    ###....
 Inner Flame              Hex/Fire       ##......     24%         3    ###....
 Sticky Flame             Conj/Fire      ##......     63%         4    ####...
 Fireball                 Conj/Fire      ##........   92%         5    ######.


Dungeon Overview and Level Annotations

Branches:
Dungeon (7/15)
 Temple: D:4-7

Altars:
Cheibriados
Ru
Vehumet

Annotations:
D:7 Dowan


Innate Abilities, Weirdness & Mutations

Your experience applies equally to all skills.
You have very sharp teeth.
Your uncanny sense of smell can sniff out nearby items.


Message History

You slash the killer bee!
You kill the killer bee!
The killer bee barely misses you.
Dowan, Brother of Duvessa comes into view.
He is wielding a dagger.
The killer bee stings you.
You are poisoned.
The killer bee poisons you!
You feel sick. The killer bee stings you!
* * * LOW HITPOINT WARNING * * *
The killer bee barely misses you.
You climb upwards.
You feel sick.
There is a stone staircase leading down here.
Unknown command.
You hit the killer bee!
You bite the killer bee, but do no damage.
The killer bee is almost dead.
You feel sick. The killer bee stings you!
* * * LOW HITPOINT WARNING * * *
The killer bee stings you!
You die...

.# #...............#
.#########.#######.###
.##.........######...#
.##.###...#........#.#
.##.# #.....######...#
.##.###..#.## ###..##
.#...>...#.# #....#
.#..####.#.# #y##.#
.#..# #.#.# #@##.#
##..# #.#.# #.##†##
##..# #.#.# #.##..#
#..# #.#)# #.###.#
#..# #.#.# #.# #.#
#..# #.#.# #.# #.#
##..# #.#.# #.# #.#
....####.#.# #.# #.#
.......#.#.# #.# #.#


You could see a killer bee.

Vanquished Creatures
  A centaur (D:6)
  2 ogres (D:6)
  A wyvern zombie (D:6)
  2 scorpions (D:6)
  A killer bee (D:7)
  A crimson imp (D:6)
  A centaur zombie (D:6)
  A hound (D:6)
  A worker ant (D:2)
  2 adders
  A shadow imp (D:3)
  2 oozes
  A worm (D:3)
  3 dart slugs
  3 leopard geckos
  5 orcs (D:3)
  2 giant cockroaches
  4 goblins
  5 hobgoblins
  2 ball pythons
  6 bats
  4 frilled lizards
  6 kobolds
  8 rats
65 creatures vanquished.

Notes
Turn   | Place    | Note
-------+----------+-------------------------------------------
     0 | D:1      | sbiou the Gnoll Skald began the quest for the Orb.
     0 | D:1      | Reached XP level 1. HP: 20/20 MP: 6/6
   241 | D:1      | Reached XP level 2. HP: 24/26 MP: 7/7
   779 | D:2      | Found a radiant altar of Vehumet.
   813 | D:2      | Reached XP level 3. HP: 29/31 MP: 9/9
   843 | D:2      | Reached skill level 5 in Spellcasting
   883 | D:2      | Reached skill level 1 in Invocations
  1050 | D:2      | Reached skill level 1 in Short Blades
  1050 | D:2      | Reached skill level 1 in Long Blades
  1050 | D:2      | Reached skill level 1 in Axes
  1050 | D:2      | Reached skill level 1 in Maces & Flails
  1050 | D:2      | Reached skill level 1 in Staves
  1050 | D:2      | Reached skill level 1 in Slings
  1050 | D:2      | Reached skill level 1 in Bows
  1050 | D:2      | Reached skill level 1 in Crossbows
  1050 | D:2      | Reached skill level 1 in Throwing
  1050 | D:2      | Reached skill level 1 in Stealth
  1050 | D:2      | Reached skill level 1 in Shields
  1050 | D:2      | Reached skill level 1 in Unarmed Combat
  1050 | D:2      | Reached skill level 1 in Evocations
  1086 | D:2      | Reached XP level 4. HP: 21/38 MP: 11/11
  1813 | D:3      | Reached skill level 1 in Conjurations
  1813 | D:3      | Reached skill level 1 in Hexes
  1813 | D:3      | Reached skill level 1 in Summonings
  1813 | D:3      | Reached skill level 1 in Necromancy
  1813 | D:3      | Reached skill level 1 in Translocations
  1813 | D:3      | Reached skill level 1 in Transmutations
  1813 | D:3      | Reached skill level 1 in Fire Magic
  1813 | D:3      | Reached skill level 1 in Ice Magic
  1813 | D:3      | Reached skill level 1 in Air Magic
  1813 | D:3      | Reached skill level 1 in Earth Magic
  1813 | D:3      | Reached skill level 1 in Poison Magic
  2068 | D:3      | Found a snail-covered altar of Cheibriados.
  2174 | D:3      | You fall through a shaft for 3 floors!
  2189 | D:6      | Reached XP level 5. HP: 14/43 MP: 6/12
  2513 | D:6      | Noticed an ogre
  2780 | D:6      | Found a sacrificial altar of Ru.
  2784 | D:6      | Became a worshipper of Ru the Awakened
  2823 | D:6      | Reached XP level 6. HP: 42/50 MP: 13/13
  2866 | D:6      | Reached skill level 5 in Fighting
  2866 | D:6      | Reached skill level 5 in Polearms
  2866 | D:6      | Reached skill level 5 in Dodging
  3034 | D:6      | Reached XP level 7. HP: 56/56 MP: 12/15
  3437 | D:7      | Noticed Dowan
  3440 | D:6      | Slain by a killer bee

Skill      XL: |  1  2  3  4  5  6  7 |
---------------+----------------------+-----
Spellcasting   | 5 |  5.6
Invocations    | 1 2 |  2.8
Short Blades   | 1 2 |  2.5
Long Blades    | 1 2 |  2.5
Axes           | 1 2 |  2.5
Maces & Flails | 1 2 |  2.5
Staves         | 1 2 |  2.5
Slings         | 1 2 |  2.5
Bows           | 1 2 |  2.5
Crossbows      | 1 2 |  2.5
Throwing       | 1 2 |  2.5
Stealth        | 1 2 |  2.5
Shields        | 1 2 |  2.5
Unarmed Combat | 1 2 |  2.5
Evocations     | 1 2 |  2.5
Conjurations   | 1 2 |  2.0
Hexes          | 1 2 |  2.0
Summonings     | 1 2 |  2.0
Necromancy     | 1 2 |  2.0
Translocations | 1 2 |  2.0
Transmutations | 1 2 |  2.0
Fire Magic     | 1 2 |  2.0
Ice Magic      | 1 2 |  2.0
Air Magic      | 1 2 |  2.0
Earth Magic    | 1 2 |  2.0
Poison Magic   | 1 2 |  2.0
Armour         | 3 |  3.6
Fighting       | 5 |  5.2
Polearms       | 5 |  5.2
Dodging        | 5 |  5.2
Charms         | |  5.8

Action                   |  1- 3 |  4- 6 |  7- 9 || total
-------------------------+-------+-------+-------++-------
Melee: Spear             |   108 |    24 |       ||   132
       Bite              |     5 |    11 |     4 ||    20
       Rapier            |       |    38 |       ||    38
       Short sword       |       |    25 |       ||    25
       Long sword        |       |     6 |    19 ||    25
       Punch             |       |     1 |       ||     1
 Fire: Shortbow          |       |    45 |     8 ||    53
Throw: Stone             |       |     8 |       ||     8
       Tomahawk          |       |       |     3 ||     3
 Cast: Infusion          |       |     6 |     2 ||     8
  Use: Potion            |       |     8 |       ||     8
       Scroll            |       |     7 |       ||     7
 Stab: Sleeping          |     1 |     4 |       ||     5
  Eat: Ration            |       |     2 |       ||     2
       Chunk             |       |     1 |       ||     1
Armor: Leather armour    |    15 |    12 |     2 ||    29
Dodge: Dodged            |    27 |    62 |    20 ||   109
Block: Large shield      |    39 |    46 |       ||    85
       Rpst.: Long sword |       |     3 |     7 ||    10
